 Dungeon Crawl Stone Soup version 0.29-a0-723-gce39da1c22 (webtiles) character file.

Game seed: 16010961639123019288

1191 kae the Cleaver (level 8, 0/64 HPs)
             Began as a Hill Orc Fighter on June 28, 2022.
             Was an Initiate of Qazlal.
             Slain by a sky beast (3 damage)
             ... on level 6 of the Dungeon on June 30, 2022.
             The game lasted 00:05:22 (6091 turns).

kae the Cleaver (Hill Orc Fighter)                  Turns: 6091, Time: 00:05:22

Health: 0/64       AC: -1    Str: 21    XL:     8   Next: 43%
Magic:  10/10      EV:  9    Int:  8    God:    Qazlal [......]
Gold:   280        SH:  4    Dex: 10    Spells: 7/7 levels left

rFire   . . .      SeeInvis .   a - +1 war axe
rCold   . . .      Faith    .   c - +0 buckler
rNeg    . . .      Spirit   .   b - +0 scale mail
rPois   .          Reflect  .   (no helmet)
rElec   .          Harm     .   (no cloak)
rCorr   .          Rampage  .   (no gloves)
Will    .....      Clarity  +   (no boots)
Stlth   ..........              A - amulet of the acrobat
HPRegen 0.20/turn               (no ring)
MPRegen 0.12/turn               (no ring)

@: corroded
A: clarity, wild magic 1
a: Renounce Religion


You were on level 6 of the Dungeon.
You worshipped Qazlal.
Qazlal was noncommittal.
You visited 1 branch of the dungeon, and saw 6 of its levels.

You collected 280 gold pieces.


Innate Abilities, Weirdness & Mutations

You possess an exceptional clarity of mind.
Your spells are a little harder to cast, but a little more powerful.


   Skills:
 - Level 3.6 Fighting
 * Level 12.3 Axes
 - Level 3.2 Armour
 - Level 3.2 Shields
 + Level 3.7 Invocations


You had 7 spell levels left.
You didn't know any spells.
Your spell library contained the following spells:

 Spells                   Type           Power      Damage    Failure   Level
 Summon Small Mammal      Summ           0%         N/A       88%         1
 Scorch                   Fire           0%         2d5       96%         2
 Call Canine Familiar     Summ           0%         N/A       99%         3
 Portal Projectile        Hex/Tloc       0%         N/A       99%         3
 Summon Guardian Golem    Hex/Summ       0%         N/A       99%         3
 Tukima's Dance           Hex            0%         N/A       99%         3
 Animate Armour           Summ/Erth      0%         N/A       100%        4
 Flame Wave               Conj/Fire      0%         2d4       100%        4
 Blade Hands              Tmut           0%         N/A       100%        5
 Iron Shot                Conj/Erth      0%         9d1       100%        6
 Summon Cactus Giant      Summ           0%         N/A       100%        6

Inventory:

Hand Weapons
 a - a +1 war axe (weapon)
Missiles
 e - 53 stones (quivered)
 f - 13 poisoned darts
 X - 3 boomerangs
 Y - 2 atropa-tipped darts
Armour
 b - a +0 scale mail (worn)
 c - a +0 buckler (worn)
 g - a +0 ring mail
   (You found it on level 1 of the Dungeon)
 l - a +0 robe
   (You took it off Jessica on level 2 of the Dungeon)
 n - a +0 robe
   (You took it off Sigmund on level 3 of the Dungeon)
 v - a +0 chain mail
   (You found it on level 3 of the Dungeon)
 w - a +0 kite shield
   (You found it on level 3 of the Dungeon)
 F - a +0 robe
   (You found it on level 3 of the Dungeon)
 H - a +0 scale mail
   (You took it off an orc on level 4 of the Dungeon)
 I - a +3 ring mail
   (You took it off an orc on level 4 of the Dungeon)
 J - a +0 cloak
   (You found it on level 4 of the Dungeon)
 M - a scarf of invisibility
   (You found it on level 4 of the Dungeon)
 N - a +0 leather armour
   (You took it off an orc on level 4 of the Dungeon)
 O - a +0 robe
   (You took it off an orc wizard on level 4 of the Dungeon)
 P - a +0 ring mail
   (You took it off an orc on level 4 of the Dungeon)
 Q - a +0 robe
   (You took it off an orc wizard on level 5 of the Dungeon)
 R - a +0 ring mail
   (You took it off an orc on level 5 of the Dungeon)
 U - a +0 robe
   (You found it on level 5 of the Dungeon)
 V - the +1 leather armour of the Harvest Moon {rN+ Will+ Int+6}
   (You found it on level 5 of the Dungeon)

   Int:       It affects your intelligence (+6).
   rN:        It protects you from negative energy.
   Will:      It increases your willpower.
 Z - a +0 robe
   (You took it off an orc wizard on level 6 of the Dungeon)
Magical Staves
 q - a staff of air {!a}
   (You found it on level 2 of the Dungeon)
Jewellery
 A - an amulet of the acrobat (around neck)
   (You found it on level 2 of the Dungeon)
Wands
 u - a wand of flame (18)
   (You took it off Ijyb on level 3 of the Dungeon)
Scrolls
 h - 3 scrolls of identify {@r1}
 j - a scroll of poison {unknown}
 m - a scroll of noise {unknown}
 o - 2 scrolls of enchant weapon
 p - 2 scrolls of teleportation {@r4}
 r - 2 scrolls of silence {!r}
 y - a scroll of vulnerability {unknown}
 z - a scroll of magic mapping {unknown}
 C - a scroll of brand weapon {unknown}
 D - a scroll of enchant armour {unknown}
 S - a scroll of immolation {unknown}
 T - 2 scrolls of fog
Potions
 d - a potion of might
 i - a potion of degeneration {!q}
 k - 3 potions of curing {@q1}
 s - 2 potions of brilliance
 x - 8 potions of heal wounds {@q2}
 K - a potion of mutation {!q}
 W - a potion of magic

Dungeon Overview and Level Annotations

Branches:
Dungeon (6/15) Zot: 26401  Temple (0/1) D:6

Altars:
Cheibriados
Makhleb
Okawaru
Qazlal
Vehumet

.#..# .# #. ....##
.# #. .##..#
#.#####.##
#..#.####........#
...#..##...## #..#
..#...#.....###..#
..†.............J#
.##..##.....####Y#
#..#.###...#####@#
#................#
.#..#####.#####..#
....# #.# #.^#
#.#.# #.# #..# #.#
#..# ..# ...# .##
#.## . #.#


You could see a sky beast and a jelly.


Message History

An adder is nearby!
You hit the adder. You block the adder's attack.
You slash the adder!
You kill the adder!
Qazlal accepts your kill. 😕 HP[+1] No target in view!
No target in view!
Your pack is full.
You see here a scroll labelled XAOTIZ GOQA. 😎 HP[+8]
Your hp is fully restored (64).
Your pack is full.
You see here a scroll labelled XAOTIZ GOQA.
Could not pick up a scroll labelled XAOTIZ GOQA here; ([A]lways) ignore it? [Y]es, [N]o, or [A]lways only, please.
Could not pick up a scroll labelled XAOTIZ GOQA here; ([A]lways) ignore it?
Okay, then.
You drop a +0 leather armour. x6
m - a scroll labelled XAOTIZ GOQA
Items here: [[[[[[.
Found a stone staircase leading down.
Found a staircase to the Ecumenical Temple.
A necrophage comes into view.
A necrophage is nearby!
A necrophage is nearby!
A necrophage is nearby!
You hit the necrophage. The necrophage closely misses you.
You slash the necrophage! The necrophage barely misses you.
You hit the necrophage. You closely miss the necrophage.
The necrophage hits you but does no damage.
A necrophage is nearby!
You barely miss the necrophage. The necrophage closely misses you.
You closely miss the necrophage. The necrophage completely misses you.
A necrophage is nearby!
You slash the necrophage!
You destroy the necrophage!
Qazlal accepts your kill.
No target in view!
No target in view!
No target in view!
You see here a necrophage corpse.
A sky beast comes into view.
A sky beast is nearby!
A jelly comes into view.
The jelly quivers.
The sky beast flickers out of sight!
Deactivating autopickup; reactivate with Ctrl-A.
A sky beast appears from thin air!
Reactivating autopickup.
The sky beast closely misses you.
There are monsters nearby!
You hit the jelly. The acid corrodes you!
Your hands burn!
You hit the sky beast.
The sky beast flickers out of sight!
Deactivating autopickup; reactivate with Ctrl-A.
You block something's attack. The jelly barely misses you.
You hit the jelly but do no damage.
Your hands burn!
You closely miss something. Something hits you. Something shocks you.
You block the jelly's attack. 😕 HP[-11]
You take 11 damage, and now have 53/64 hp.
A jelly is nearby!
You slash the jelly!
Your hands burn!
You closely miss something. Something hits you. Something shocks you.
The jelly hits you. The acid corrodes you!
You are splashed with acid.
You are too injured to fight recklessly! 😮 HP[-19]
You take 19 damage, and now have 34/64 hp.
MASSIVE DAMAGE!! (PAUSE)
Something hits you.
* * * LOW HITPOINT WARNING * * *
Something shocks you.
* * * LOW HITPOINT WARNING * * *
😨 HP[-8]
You take 8 damage, and now have 26/64 hp.
You barely miss something. Something hits you.
* * * LOW HITPOINT WARNING * * *
Something shocks you.
* * * LOW HITPOINT WARNING * * *
😨 HP[-6]
You take 6 damage, and now have 20/64 hp.
You hit something.
A sky beast appears from thin air!
Reactivating autopickup.
The sky beast barely misses you. 😨 HP[+1]
You closely miss the sky beast. The sky beast hits you.
* * * LOW HITPOINT WARNING * * *
The sky beast shocks you.
* * * LOW HITPOINT WARNING * * *
😱 HP[-8]
You take 8 damage, and now have 13/64 hp.
You hit the sky beast but do no damage. The sky beast hits you.
* * * LOW HITPOINT WARNING * * *
The sky beast shocks you.
* * * LOW HITPOINT WARNING * * *
😱 HP[-10]
You take 10 damage, and now have 3/64 hp.
You closely miss the sky beast. The sky beast hits you.
You die...

Skill      XL: |  1  2  3  4  5  6  7  8 |
---------------+-------------------------+-----
Axes           | 3 4 5 6 9 11 12 | 12.3
Invocations    | 1 3 |  3.7
Fighting       | |  3.6
Armour         | |  3.2
Shields        | |  3.2

Action                   |  1- 3 |  4- 6 |  7- 9 || total
-------------------------+-------+-------+-------++-------
Melee: War axe           |    99 |   144 |   154 ||   397
Evoke: Wand              |       |     1 |       ||     1
  Use: Scroll            |     1 |     2 |     5 ||     8
       Potion            |       |     2 |       ||     2
Armor: Scale mail        |    53 |    38 |    34 ||   125
       Skin              |       |     6 |       ||     6
Dodge: Dodged            |    60 |    59 |    73 ||   192
Block: Buckler           |    20 |    22 |    21 ||    63

Levels and vault maps discovered:
D:1:      matt_arrival_diagonals, layout_basic, serial_bayou_pond_a,
          chequers_big_river
D:2:      layout_loops_ring, uniq_natasha, uniq_jessica
D:3:      kb_forest_paths, layout_basic, mainiacjoe_overflow_big_doors,
          uniq_ijyb, uniq_sigmund
D:4:      layout_loops_ring, makhleb_heckhound_becter, fiery_altar_vehumet,
          kennysheep_decorative_pillar
D:5:      layout_loops_cross, mainiacjoe_overflow_cross_hatched,
          chequers_serial_rivers_large_a
D:6:      layout_loops_ring, minmay_temple_entry_mini_moons,
          minmay_statues_item, grunt_ministairs_7,
          chequers_hall_statues_corner_a

Notes
Turn   | Place    | Note
-------+----------+-------------------------------------------
     0 | D:1      | kae the Hill Orc Fighter began the quest for the Orb.
     0 | D:1      | Reached XP level 1. HP: 19/19 MP: 1/1
     0 | D:1      | magus.rc [v1.11.3]
    54 | D:1      | Reached skill level 3 in Axes
   109 | D:1      | Reached XP level 2. HP: 26/26 MP: 2/2
   225 | D:1      | Reached skill level 4 in Axes
   516 | D:1      | Reached XP level 3. HP: 27/31 MP: 3/3
   585 | D:1      | magus.rc [v1.11.3]
  1127 | D:2      | Noticed Jessica
  1132 | D:2      | Killed Jessica
  1133 | D:2      | Reached skill level 5 in Axes
  1133 | D:2      | Reached XP level 4. HP: 32/39 MP: 4/4
  1294 | D:2      | Noticed Natasha
  1519 | D:2      | Killed Natasha
  1520 | D:2      | Reached skill level 6 in Axes
  1590 | D:2      | Noticed Natasha
  1598 | D:2      | Killed Natasha
  1599 | D:2      | Reached XP level 5. HP: 41/45 MP: 5/5
  2228 | D:2      | Noticed Natasha
  2237 | D:2      | Killed Natasha
  2238 | D:2      | Reached skill level 7 in Axes
  2398 | D:3      | Noticed Ijyb
  2406 | D:3      | Killed Ijyb
  2680 | D:3      | Found a snail-covered altar of Cheibriados.
  2685 | D:3      | Found an iron altar of Okawaru.
  2739 | D:3      | Noticed Sigmund
  2753 | D:3      | Gained mutation: You possess an exceptional clarity of
                  | mind. [potion of mutation]
  2753 | D:3      | Gained mutation: Your spells are a little harder to cast,
                  | but a little more powerful. [potion of mutation]
  2765 | D:3      | Killed Sigmund
  2766 | D:3      | Reached skill level 9 in Axes
  2766 | D:3      | Reached XP level 6. HP: 51/51 MP: 6/6
  2802 | D:3      | You pick up a book of Weapons and begin reading...
  2802 | D:3      | You add the spells Tukima's Dance, Portal Projectile and
                  | Blade Hands to your library.
  3074 | D:3      | You pick up a book of Iron and begin reading...
  3074 | D:3      | You add the spells Animate Armour and Iron Shot to your
                  | library.
  3696 | D:4      | Reached XP level 7. HP: 48/57 MP: 7/7
  3808 | D:4      | Reached skill level 10 in Axes
  4133 | D:4      | Found a radiant altar of Vehumet.
  4206 | D:4      | Found a burning altar of Makhleb.
  4472 | D:5      | Entered Level 5 of the Dungeon
  4603 | D:5      | Found a stormy altar of Qazlal.
  4643 | D:5      | Reached skill level 11 in Axes
  4688 | D:5      | Became a worshipper of Qazlal Stormbringer
  4768 | D:5      | Reached skill level 1 in Invocations
  4989 | D:5      | You pick up a book of Weapons and begin reading...
  5126 | D:5      | Identified the +1 leather armour of the Harvest Moon {rN+
                  | Will+ Int+6}
  5263 | D:5      | Reached XP level 8. HP: 50/64 MP: 7/9
  5388 | D:5      | You pick up a book of Scorching and begin reading...
  5388 | D:5      | You add the spells Scorch, Flame Wave and Summon Cactus
                  | Giant to your library.
  5515 | D:6      | Reached skill level 2 in Invocations
  5668 | D:6      | You pick up a book of Callings and begin reading...
  5668 | D:6      | You add the spells Summon Small Mammal, Call Canine
                  | Familiar and Summon Guardian Golem to your library.
  5707 | D:6      | Reached skill level 12 in Axes
  5707 | D:6      | Reached skill level 3 in Invocations
  6048 | D:6      | Found a staircase to the Ecumenical Temple.
  6089 | D:6      | HP: 13/64 [sky beast (5)]
  6090 | D:6      | HP: 3/64 [sky beast (5)]
  6091 | D:6      | Slain by a sky beast

Vanquished Creatures
  Sigmund (D:3)
  A water moccasin (D:4)
  2 necrophages (D:6)
  A scorpion (D:5)
  5 hounds
  A jelly (D:5)
  3 orc priests
  Jessica (D:2)
  An iguana (D:5)
  Ijyb (D:3)
  Natasha (thrice) (D:2)
  4 orc wizards
  7 adders
  2 white imps (D:6)
  An ufetubus (D:6)
  4 worms
  2 dart slugs
  15 orcs
  9 ball pythons
  3 bats
  9 endoplasms
  3 giant cockroaches (D:1)
  5 goblins
  6 hobgoblins
  6 jackals
  8 kobolds
  5 quokkas
  3 frilled lizards (D:1)
  7 rats
119 creatures vanquished.

Vanquished Creatures (others)
  8 plants (D:1)
8 creatures vanquished.

Grand Total: 127 creatures vanquished

Table legend:
 A = Non-vault XP
 B = Vault XP
 C = Vault XP percentage of total XP
 D = Non-vault monster count
 E = Vault monster count
 F = Vault count percentage of total count
                 A         B        C        D         E       F
            +---------+---------+-------+---------+---------+-------
      Total |    1275 |     427 |  25.1 |     106 |      13 |  10.9
            +---------+---------+-------+---------+---------+-------
        D:1 |      48 |       0 |   0.0 |      28 |       0 |   0.0
        D:2 |     100 |      72 |  41.9 |      17 |       2 |  10.5
        D:3 |      39 |     298 |  88.4 |      12 |       8 |  40.0
        D:4 |     335 |      43 |  11.4 |      24 |       1 |   4.0
        D:5 |     292 |       0 |   0.0 |      11 |       0 |   0.0
        D:6 |     461 |      14 |   2.9 |      14 |       2 |  12.5
            +---------+---------+-------+---------+---------+-------

Illustrated notes

Table legend:
 A = Kills in this place as a percentage of kills in entire the game.
 B = Kills by you in this place as a percentage of kills by you in the entire game.
 C = Kills by friends in this place as a percentage of kills by friends in the entire game.
 D = Other kills in this place as a percentage of other kills in the entire game.
 E = Experience gained in this place as a percentage of experience gained in the entire game.
 F = Experience gained in this place divided by the number of levels of this place that you have seen.
                   A       B       C       D       E      F
               +-------+-------+-------+-------+-------+----------------------
         Total | 100.0 | 100.0 |   N/A |   N/A | 100.0 | 283.7
       Dungeon | 100.0 | 100.0 |   N/A |   N/A | 100.0 | 283.7
               +-------+-------+-------+-------+-------+----------------------

Table legend: (Time is in decaauts)
 A = Elapsed time spent in this place.
 B = Non-inter-level travel time spent in this place.
 C = Inter-level travel time spent in this place.
 D = Time resting spent in this place.
 E = Time spent auto-exploring this place.
 F = Levels seen in this place.
 G = Mean time per level.
                   A        B        C        D        E       F      G
               +--------+--------+--------+--------+--------+-----+--------+
         Total |   6180 |   5989 |    191 |    396 |   4692 |   6 | 1030.0 |
       Dungeon |   6180 |   5989 |    191 |    396 |   4692 |   6 | 1030.0 |
               +--------+--------+--------+--------+--------+-----+--------+

Top non-repeatable levels by time:
     D:2: 1261 daAuts
     D:1: 1165 daAuts
     D:3: 1082 daAuts
     D:4: 1042 daAuts
     D:5: 1029 daAuts
     D:6: 597 daAuts
